 Dungeon Crawl Stone Soup version 0.17.1-2-g5865329 (webtiles) character file.

982 Peloso the Shield-Bearer (level 7, -11/61 HPs)
             Began as a Minotaur Fighter on Jan 17, 2016.
             Was an Initiate of Okawaru.
             Killed by divine providence
             ... invoked by an orc priest
              (14 damage)
             ... on level 6 of the Dungeon.
             The game lasted 00:13:29 (4177 turns).

Peloso the Shield-Bearer (Minotaur Fighter)         Turns: 4177, Time: 00:13:29

Health: -11/61     AC: 14    Str: 21    XL:     7   Next: 96%
Magic:  6/6        EV:  7    Int:  5    God:    Okawaru [......]
Gold:   351        SH: 10    Dex: 11    Spells: 0 memorised, 6 levels left

rFire  . . .     SeeInvis .     a - +0 long sword
rCold  . . .     Clarity  .     z - +3 chain mail {MR+}
rNeg   . . .     SustAt   +     c - +0 shield
rPois  .         Gourm    .     (helmet restricted)
rElec  .         Spirit   .     (no cloak)
rCorr  .         Warding  .     (no gloves)
rMut   .         Stasis   .     v - +0 pair of boots
MR     +....                    x - amulet of faith
Stlth  ..........               (no ring)
                                m - ring of sustain attributes

@: somewhat resistant to hostile enchantments, extremely unstealthy
A: retaliatory headbutt, horns 2
a: Renounce Religion


You were on level 6 of the Dungeon.
You worshipped Okawaru.
Okawaru was noncommittal.
You were not hungry.

You visited 2 branches of the dungeon, and saw 7 of its levels.
You also visited: Ossuary.

You collected 351 gold pieces.

Inventory:

Hand Weapons
 a - a +0 long sword (weapon)
 u - a +2 hand axe of flaming
Armour
 c - a +0 shield (worn)
 v - a +0 pair of boots (worn)
 z - a +3 chain mail of magic resistance (worn)
Jewellery
 m - a ring of sustain attributes (left hand)
 x - an amulet of faith (around neck)
Scrolls
 f - 3 scrolls of teleportation
 o - 3 scrolls of enchant armour
 p - 2 scrolls of remove curse
 q - a scroll of silence {unknown}
 t - a scroll of enchant weapon {unknown}
Potions
 d - a potion of might
 g - 5 potions of curing
 j - a potion of agility
 k - a potion of invisibility
 r - a potion of haste
 s - 2 potions of degeneration {unknown}
 w - 2 potions of cancellation {unknown}
Comestibles
 b - 8 chunks of flesh
 e - 6 bread rations
 h - 3 meat rations
 n - a beef jerky


   Skills:
 + Level 5.4 Fighting
 + Level 5.4 Long Blades
 + Level 6.3 Armour
 + Level 3.4 Dodging
 + Level 0.5 Stealth
 + Level 6.8 Shields


You had 6 spell levels left.
You didn't know any spells.

Dungeon Overview and Level Annotations

Branches:
Dungeon (6/15)             Temple (1/1) D:5

Altars:
Ashenzari
Dithmenos
Elyvilon
Fedhas
Gozag
Makhleb
Nemelex Xobeh
Okawaru
Qazlal
Ru
Sif Muna
Trog
Vehumet
Xom
Yredelemnul
Zin
The Shining One


Innate Abilities, Weirdness & Mutations

You reflexively headbutt those who attack you in melee.
You have a pair of horns on your head.


Message History

The ice beast hits you but does no damage.
You hit the ice beast.
You headbutt the ice beast, but do no damage.
The ice beast is heavily wounded.
You block the ice beast's attack.
You barely miss the ice beast.
The ice beast is heavily wounded.
The orc priest calls down the wrath of Beogh upon you.
Something smites you!
* * * LOW HITPOINT WARNING * * *
The ice beast hits you but does no damage.
You closely miss the ice beast.
The ice beast is heavily wounded.
The ice beast hits you.
* * * LOW HITPOINT WARNING * * *
The ice beast freezes you!
* * * LOW HITPOINT WARNING * * *
The orc priest mumbles some strange prayers to Beogh against you.
Something smites you!
You die...

.........
#........
#........
#........ #.#
###.# +.oo#
###Y# #@# #.#
####.#####
####.##.#...#
#...>.......#
#...........#
#...........#
#...........#
#.......#####


You could see an ice beast, an orc priest and an orc.

Vanquished Creatures
  Sigmund (D:4)
  An orc warrior (D:6)
  An elf zombie (Ossuary)
  A crimson imp (D:5)
  A hound (D:4)
  A human zombie (Ossuary)
  A jelly (D:4)
  4 centaur zombies (Ossuary)
  Terence (D:3)
  5 orc wizards
  4 big kobold zombies (Ossuary)
  3 mummies (Ossuary)
  3 gnolls (D:4)
  3 adders
  2 adder zombies (Ossuary)
  3 giant geckos
  9 orcs
  5 ball pythons
  3 giant cockroaches
  A gnoll zombie (Ossuary)
  6 goblins
  13 hobgoblins
  3 jackals (D:4)
  2 quokkas
  8 bats (D:1)
  10 giant newts
  4 goblin zombies (Ossuary)
  4 hobgoblin zombies (Ossuary)
  6 jackal zombies (Ossuary)
  5 kobolds
  2 kobold zombies (Ossuary)
  A quokka zombie (Ossuary)
  8 rats
  6 rat zombies (Ossuary)
131 creatures vanquished.

Notes
Turn   | Place    | Note
--------------------------------------------------------------
     0 | D:1      | Peloso the Minotaur Fighter began the quest for the Orb.
     0 | D:1      | Reached XP level 1. HP: 19/19 MP: 0/0
    53 | D:1      | Reached XP level 2. HP: 22/27 MP: 1/1
   253 | D:1      | Reached skill level 4 in Fighting
   358 | D:1      | Reached XP level 3. HP: 33/33 MP: 2/2
   777 | D:2      | Found a sparkling altar of Nemelex Xobeh.
   792 | D:2      | Reached skill level 1 in Dodging
  1376 | D:3      | Reached XP level 4. HP: 27/40 MP: 3/3
  1517 | D:3      | Found a burning altar of Makhleb.
  1799 | D:3      | Noticed Terence
  1809 | D:3      | Killed Terence
  1809 | D:3      | Reached XP level 5. HP: 25/46 MP: 4/4
  1993 | D:4      | Found an opulent altar of Gozag.
  2063 | D:4      | Noticed Sigmund
  2082 | D:4      | Killed Sigmund
  2082 | D:4      | Reached skill level 5 in Armour
  2082 | D:4      | Reached skill level 5 in Shields
  2082 | D:4      | Reached XP level 6. HP: 34/53 MP: 5/5
  2284 | D:4      | Found a sand-covered staircase.
  2293 | Ossuary  | Entered an ossuary
  2453 | Ossuary  | Reached XP level 7. HP: 60/60 MP: 6/6
  2469 | Ossuary  | Reached skill level 6 in Shields
  2554 | Ossuary  | Reached skill level 5 in Fighting
  2706 | Ossuary  | Reached skill level 5 in Long Blades
  3245 | D:5      | Entered Level 5 of the Dungeon
  3379 | D:5      | Found a shattered altar of Ashenzari.
  3722 | D:5      | Found a staircase to the Ecumenical Temple.
  3731 | Temple   | Entered the Ecumenical Temple
  3736 | Temple   | Became a worshipper of Warmaster Okawaru
  4177 | D:6      | HP: 3/61 [ice beast (9)]
  4177 | D:6      | Killed from afar by an orc priest

Action                   |  1- 3 |  4- 6 |  7- 9 || total
-------------------------+-------+-------+-------++-------
Melee: Long sword        |   121 |   167 |   151 ||   439
  Use: Scroll            |       |     9 |     6 ||    15
       Potion            |       |     1 |       ||     1
  Eat: Chunk             |     1 |     4 |     1 ||     6
       Meat ration       |       |       |     1 ||     1
